[ AOE2 MATCH · #504852962 ]
UnrankedCumans vs Byzantines
Player's team · LOSS
[ REPLAY ANALYSIS · EXTRACTED FROM THE RECORDED GAME ]
Feudal
10:41
Castle
15:32
Imperial
30:59
| APM avg | 36.3 |
| APM peak | 82 |
| eAPM avg | 18.9 |
| Villagers / military | 76 / 69 |
Focus
⚔️ 36.0% · 🌾 64.0%
Cavalry Archer ×32 · Knight ×23 · Trebuchet (Packed) ×6 · Camel Scout ×5 · Monk ×1 · Mangonel ×1
Feudal
9:41
Castle
21:29
Imperial
36:09
| APM avg | 29.0 |
| APM peak | 69 |
| eAPM avg | 18.5 |
| Villagers / military | 115 / 100 |
Focus
⚔️ 41.3% · 🌾 58.7%
Skirmisher ×31 · Camel Scout ×26 · Spearman ×19 · Scout Cavalry ×7 · Monk ×5 · Bombard Cannon ×5
Match map
Initial resources + every placement click. Lines = walls · curves = elevation contours. ◆ gold · ⬟ stone · ● berries · ✦ relic · ◌ wall gap
Your base· Open — unwalled flank
pabloic16's base· ✓ Closed at 21:29 · 34t walls · 1 gate(s)
Smoothed initial terrain · ◌ = detected wall gap · hover for details
Inputs per minute
— santy - - pabloic16
Build order — santy
First 150 of 232 actions detected
| 0:00 | Queue | Villager (Male) ×4 |
| 0:02 | Build | House |
| 0:03 | Build | House |
| 1:22 | Queue | Villager (Male) |
| 1:30 | Build | Lumber Camp |
| 2:14 | Queue | Villager (Male) |
| 2:36 | Queue | Villager (Male) |
| 2:52 | Queue | Villager (Male) |
| 3:30 | Queue | Villager (Male) |
| 3:37 | Build | House |
| 3:56 | Queue | Villager (Male) |
| 4:13 | Queue | Villager (Male) |
| 4:20 | Build | Mill |
| 4:27 | Queue | Villager (Male) |
| 4:39 | Build | Palisade Wall |
| 4:41 | Build | Palisade Wall |
| 5:22 | Queue | Villager (Male) |
| 5:22 | Queue | Villager (Male) |
| 5:22 | Queue | Villager (Male) |
| 5:44 | Queue | Villager (Male) |
| 6:17 | Build | House |
| 6:33 | Queue | Villager (Male) |
| 6:34 | Queue | Villager (Male) |
| 7:29 | Build | Mining Camp |
| 7:32 | Queue | Villager (Male) |
| 7:32 | Queue | Villager (Male) |
| 8:31 | Research | Feudal Age |
| 8:31 | Research | Feudal Age |
| 8:48 | Build | Barracks |
| 9:05 | Build | Palisade Wall |
| 9:19 | Build | Palisade Wall |
| 9:22 | Build | Palisade Wall |
| 9:27 | Build | Palisade Wall |
| 9:29 | Build | Palisade Wall |
| 9:48 | Build | Farm |
| 9:49 | Build | Farm |
| 10:32 | Research | Loom |
| 10:32 | Queue | Villager (Male) |
| 10:32 | Queue | Villager (Male) |
| 10:39 | Build | Palisade Wall |
| 10:41 | Age | Feudal Age |
| 10:44 | Build | Market |
| 10:53 | Build | Palisade Wall |
| 10:55 | Build | Palisade Wall |
| 11:06 | Build | Blacksmith |
| 12:07 | Build | Palisade Wall |
| 12:10 | Build | Palisade Wall |
| 12:52 | Research | Castle Age |
| 12:52 | Research | Castle Age |
| 13:10 | Build | Archery Range |
| 13:17 | Build | Stable |
| 13:24 | Build | Palisade Gate |
| 13:26 | Build | House |
| 13:56 | Research | Double-Bit Axe |
| 14:29 | Build | Palisade Wall |
| 14:31 | Build | House |
| 15:12 | Build | House |
| 15:20 | Build | Palisade Wall |
| 15:32 | Age | Castle Age |
| 15:36 | Queue | Camel Scout |
| 15:37 | Queue | Camel Scout |
| 16:03 | Build | House |
| 16:13 | Queue | Camel Scout |
| 16:23 | Build | Barracks |
| 16:35 | Build | Palisade Wall |
| 16:49 | Build | Town Center |
| 17:06 | Build | Farm |
| 17:06 | Build | Farm |
| 17:06 | Build | Farm |
| 17:06 | Build | Farm |
| 17:07 | Build | Farm |
| 17:24 | Build | Farm |
| 17:24 | Build | Farm |
| 17:30 | Queue | Villager (Male) |
| 17:30 | Queue | Villager (Male) |
| 17:53 | Build | Farm |
| 18:07 | Build | Palisade Wall |
| 18:11 | Build | Palisade Wall |
| 18:21 | Build | Mining Camp |
| 18:31 | Queue | Camel Scout ×2 |
| 18:40 | Build | Monastery |
| 18:50 | Queue | Villager (Male) |
| 18:50 | Queue | Villager (Male) |
| 18:59 | Queue | Villager (Male) |
| 19:17 | Queue | Villager (Male) |
| 19:27 | Build | Farm |
| 19:28 | Build | Farm |
| 19:28 | Build | Farm |
| 19:37 | Queue | Monk |
| 19:45 | Research | Horse Collar |
| 19:53 | Build | Farm |
| 19:53 | Build | Farm |
| 20:07 | Queue | Villager (Male) |
| 20:10 | Build | Farm |
| 20:10 | Build | Farm |
| 20:19 | Queue | Villager (Male) |
| 20:44 | Build | Palisade Gate |
| 20:49 | Build | Farm |
| 20:49 | Build | Farm |
| 20:49 | Build | Farm |
| 20:52 | Queue | Villager (Male) |
| 21:01 | Queue | Villager (Male) |
| 21:01 | Queue | Villager (Male) |
| 21:22 | Build | Farm |
| 21:22 | Build | Farm |
| 21:25 | Queue | Villager (Male) ×2 |
| 21:41 | Queue | Villager (Male) |
| 21:44 | Build | Farm |
| 21:45 | Build | Farm |
| 22:06 | Build | Archery Range |
| 22:31 | Build | Archery Range |
| 22:33 | Queue | Villager (Male) ×3 |
| 22:36 | Build | Farm |
| 22:37 | Build | Farm |
| 22:37 | Build | Farm |
| 22:54 | Queue | Villager (Male) ×2 |
| 22:57 | Build | Farm |
| 22:58 | Build | Farm |
| 23:11 | Research | Fletching |
| 23:34 | Queue | Villager (Male) |
| 23:50 | Queue | Villager (Male) |
| 23:50 | Queue | Villager (Male) |
| 24:02 | Queue | Villager (Male) |
| 24:12 | Queue | Villager (Male) |
| 24:20 | Build | Palisade Wall |
| 24:26 | Build | Farm |
| 24:26 | Build | Farm |
| 24:35 | Build | Farm |
| 24:36 | Build | Farm |
| 24:45 | Queue | Villager (Male) |
| 24:50 | Build | House |
| 24:51 | Build | House |
| 24:52 | Build | House |
| 24:53 | Build | House |
| 24:54 | Build | House |
| 25:00 | Build | House |
| 25:02 | Build | Palisade Wall |
| 25:04 | Queue | Villager (Male) |
| 25:10 | Build | House |
| 25:12 | Queue | Villager (Male) |
| 25:16 | Research | Wheelbarrow |
| 25:35 | Build | House |
| 25:39 | Queue | Villager (Male) |
| 26:06 | Queue | Villager (Male) |
| 26:08 | Queue | Villager (Male) |
| 26:38 | Build | Lumber Camp |
| 27:05 | Queue | Villager (Male) |
| 27:05 | Queue | Villager (Male) |
| 27:26 | Build | Siege Workshop |
| 27:49 | Research | Imperial Age |
Build order — pabloic16
First 150 of 359 actions detected
| 0:00 | Queue | Villager (Male) |
| 0:01 | Queue | Villager (Male) |
| 0:02 | Build | House |
| 0:05 | Build | House |
| 0:23 | Queue | Villager (Male) |
| 0:23 | Queue | Villager (Male) |
| 1:23 | Queue | Villager (Male) |
| 1:50 | Build | Lumber Camp |
| 1:51 | Queue | Villager (Male) |
| 2:09 | Queue | Villager (Male) |
| 2:42 | Queue | Villager (Male) |
| 2:43 | Queue | Villager (Male) |
| 3:10 | Queue | Villager (Male) |
| 3:10 | Queue | Villager (Male) |
| 3:29 | Queue | Villager (Male) |
| 3:49 | Build | House |
| 4:04 | Queue | Villager (Male) |
| 4:05 | Queue | Villager (Male) |
| 4:23 | Build | Mill |
| 4:24 | Queue | Villager (Male) |
| 4:54 | Queue | Villager (Male) |
| 5:10 | Queue | Villager (Male) |
| 5:36 | Queue | Villager (Male) |
| 5:58 | Build | House |
| 6:03 | Queue | Villager (Male) |
| 6:03 | Queue | Villager (Male) |
| 6:19 | Research | Loom |
| 7:31 | Research | Feudal Age |
| 7:57 | Build | Barracks |
| 8:08 | Build | House |
| 8:25 | Build | Palisade Wall |
| 8:28 | Queue | Villager (Male) |
| 8:29 | Queue | Villager (Male) |
| 9:41 | Age | Feudal Age |
| 9:45 | Build | Stable |
| 9:50 | Build | Farm |
| 9:51 | Build | Farm |
| 9:51 | Build | Farm |
| 9:53 | Queue | Villager (Male) |
| 9:56 | Build | Farm |
| 10:00 | Queue | Villager (Male) |
| 10:12 | Research | Double-Bit Axe |
| 10:26 | Queue | Villager (Male) |
| 10:31 | Queue | Scout Cavalry |
| 10:31 | Queue | Scout Cavalry |
| 10:55 | Build | Farm |
| 10:57 | Build | Farm |
| 10:59 | Build | Farm |
| 11:06 | Queue | Villager (Male) |
| 11:24 | Queue | Scout Cavalry |
| 11:27 | Build | Farm |
| 11:31 | Build | Farm |
| 11:45 | Build | House |
| 11:53 | Build | Farm |
| 11:55 | Queue | Scout Cavalry |
| 12:03 | Queue | Spearman |
| 12:15 | Build | House |
| 12:18 | Build | Farm |
| 12:25 | Build | House |
| 12:27 | Queue | Villager (Male) |
| 12:28 | Queue | Villager (Male) |
| 12:28 | Queue | Villager (Male) |
| 13:05 | Build | Lumber Camp |
| 13:08 | Queue | Villager (Male) |
| 13:13 | Queue | Scout Cavalry |
| 13:23 | Build | Farm |
| 13:24 | Queue | Villager (Male) |
| 13:58 | Build | Blacksmith |
| 13:59 | Queue | Villager (Male) |
| 14:09 | Queue | Villager (Male) |
| 14:24 | Build | House |
| 14:26 | Queue | Villager (Male) |
| 14:26 | Queue | Villager (Male) |
| 14:42 | Build | Mining Camp |
| 14:46 | Research | Scale Barding Armor |
| 14:47 | Research | Scale Barding Armor |
| 14:53 | Build | House |
| 14:54 | Queue | Villager (Male) |
| 14:57 | Research | Wheelbarrow |
| 15:01 | Build | Farm |
| 15:15 | Queue | Villager (Male) |
| 15:27 | Build | Farm |
| 15:29 | Research | Horse Collar |
| 15:39 | Build | Palisade Wall |
| 16:40 | Build | House |
| 16:43 | Build | Market |
| 16:55 | Queue | Scout Cavalry |
| 16:56 | Queue | Scout Cavalry |
| 17:07 | Build | House |
| 17:23 | Queue | Spearman |
| 17:56 | Build | Palisade Wall |
| 17:59 | Queue | Villager (Male) |
| 18:21 | Queue | Villager (Male) |
| 18:27 | Build | Palisade Wall |
| 18:29 | Build | Farm |
| 18:45 | Research | Castle Age |
| 18:52 | Build | Farm |
| 19:02 | Build | Stable |
| 19:17 | Build | Barracks |
| 19:25 | Build | Palisade Wall |
| 19:30 | Build | House |
| 19:42 | Research | Forging |
| 19:55 | Research | Gold Mining |
| 20:01 | Queue | Spearman |
| 20:02 | Queue | Spearman |
| 20:06 | Build | Farm |
| 20:10 | Queue | Villager (Male) |
| 20:10 | Queue | Villager (Male) |
| 20:20 | Build | House |
| 20:41 | Build | Palisade Gate |
| 20:44 | Build | Palisade Wall |
| 20:55 | Queue | Villager (Male) |
| 20:55 | Queue | Villager (Male) |
| 21:29 | Age | Castle Age |
| 21:34 | Build | Town Center |
| 21:37 | Research | Bow Saw |
| 21:37 | Research | Bow Saw |
| 21:43 | Research | Husbandry |
| 21:44 | Queue | Camel Scout |
| 21:44 | Queue | Camel Scout |
| 21:58 | Build | Farm |
| 22:00 | Queue | Villager (Male) |
| 22:00 | Queue | Villager (Male) |
| 22:19 | Research | Pikeman (upgrade) |
| 22:32 | Queue | Camel Scout |
| 22:32 | Queue | Camel Scout |
| 22:39 | Build | Farm |
| 22:40 | Build | Farm |
| 23:02 | Research | Iron Casting |
| 23:06 | Build | Farm |
| 23:11 | Build | House |
| 23:19 | Build | Farm |
| 23:20 | Build | Farm |
| 23:26 | Queue | Villager (Male) |
| 23:26 | Queue | Villager (Male) |
| 23:41 | Queue | Villager (Male) |
| 23:42 | Queue | Villager (Male) |
| 23:49 | Build | Mining Camp |
| 23:58 | Research | Squires |
| 24:03 | Queue | Villager (Male) |
| 24:08 | Build | Farm |
| 24:09 | Build | Farm |
| 24:21 | Research | Heavy Plow |
| 24:32 | Queue | Villager (Male) |
| 24:32 | Queue | Villager (Male) |
| 24:53 | Build | Farm |
| 24:54 | Queue | Villager (Male) |
| 25:05 | Queue | Villager (Male) |
| 25:05 | Queue | Villager (Male) |
| 25:24 | Build | Monastery |
Match timeline
| 4:39 | santy · wall_segment Palisade Wall x7 |
| 4:41 | santy · wall_segment Palisade Wall x7 |
| 7:57 | pabloic16 · first_building Barracks |
| 8:25 | pabloic16 · wall_segment Palisade Wall x4 |
| 8:48 | santy · first_building Barracks |
| 9:05 | santy · wall_segment Palisade Wall x5 |
| 9:19 | santy · wall_segment Palisade Wall x1 |
| 9:22 | santy · wall_segment Palisade Wall x1 |
| 9:27 | santy · wall_segment Palisade Wall x1 |
| 9:29 | santy · wall_segment Palisade Wall x1 |
| 9:41 | pabloic16 · age_up feudal |
| 9:45 | pabloic16 · first_building Stable |
| 10:39 | santy · wall_segment Palisade Wall x1 |
| 10:41 | santy · age_up feudal |
| 10:53 | santy · wall_segment Palisade Wall x1 |
| 10:55 | santy · wall_segment Palisade Wall x1 |
| 11:47 | santy · first_market_buy 100 food |
| 11:47 | santy · first_market_sell 100 stone |
| 12:07 | santy · wall_segment Palisade Wall x2 |
| 12:10 | santy · wall_segment Palisade Wall x10 |
| 13:10 | santy · first_building Archery Range |
| 13:17 | santy · first_building Stable |
| 14:29 | santy · wall_segment Palisade Wall x5 |
| 15:20 | santy · wall_segment Palisade Wall x9 |
| 15:32 | santy · age_up castle |
| 15:39 | pabloic16 · wall_segment Palisade Wall x6 |
| 16:35 | santy · wall_segment Palisade Wall x1 |
| 17:56 | pabloic16 · wall_segment Palisade Wall x13 |
| 18:07 | santy · wall_segment Palisade Wall x5 |
| 18:11 | santy · wall_segment Palisade Wall x12 |
| 18:27 | pabloic16 · wall_segment Palisade Wall x7 |
| 18:40 | santy · first_building Monastery |
| 19:25 | pabloic16 · wall_segment Palisade Wall x1 |
| 20:44 | pabloic16 · wall_segment Palisade Wall x4 |
| 21:29 | pabloic16 · age_up castle |
| 24:20 | santy · wall_segment Palisade Wall x1 |
| 25:02 | santy · wall_segment Palisade Wall x1 |
| 25:24 | pabloic16 · first_building Monastery |
| 26:38 | pabloic16 · first_building Siege Workshop |
| 27:26 | santy · first_building Siege Workshop |
| 29:48 | pabloic16 · first_building Archery Range |
| 30:28 | santy · wall_segment Palisade Wall x2 |
| 30:59 | santy · age_up imperial |
| 31:36 | santy · first_building Castle |
| 31:54 | pabloic16 · first_building Castle |
| 32:54 | pabloic16 · first_market_sell 100 food |
| 33:08 | pabloic16 · first_market_buy 100 wood |
| 36:09 | pabloic16 · age_up imperial |
| 43:50 | santy · resign |
[ AI ANALYSIS · 1 CREDIT ]
What really happened in this match?
Wolo.gg analyzes every decision: build order, eco, micro, common mistakes by bracket. Personalized analysis on WhatsApp or Discord in 30 seconds.
Civ guide
Cumans
Perfil
Jugador #14526502